 Dungeon Crawl Stone Soup version 0.28.0-53-g5a82cb258f (webtiles) character file.

Game seed: 3333075792873083102

61 Nyth the Skirmisher (level 3, -3/31 (34) HPs)
             Began as a Minotaur Berserker on Aug 8, 2022.
             Was a Follower of Trog.
             Slain by a hobgoblin
             ... wielding a +0 quarterstaff of draining
              (4 damage)
             ... on level 2 of the Dungeon.
             The game lasted 00:03:20 (1779 turns).

Nyth the Skirmisher (Minotaur Berserker)            Turns: 1779, Time: 00:03:21

HP:   -3/31 (34)    AC:  2    Str: 21    XL:     3   Next: 83%
MP:   2/2           EV: 12    Int:  4    God:    Trog [*.....]
Gold: 0             SH:  0    Dex: 11    Spells: 2/2 levels left

rFire   . . .      SeeInvis .   f - +0 dagger (vamp)
rCold   . . .      Faith    .   (no shield)
rNeg    . . .      Spirit   .   b - +0 animal skin
rPois   .          Reflect  .   (helmet restricted)
rElec   .          Harm     .   (no cloak)
rCorr   .          Rampage  .   (no gloves)
Will    .....                   (no boots)
Stlth   +.........              (no amulet)
HPRegen 0.10/turn               (no ring)
MPRegen 0.08/turn               (no ring)

@: on berserk cooldown, slowed, drained, very slow
A: horns 2, retaliatory headbutt
a: Renounce Religion, Berserk


You were on level 2 of the Dungeon.
You worshipped Trog.
Trog was aware of your devotion.
You visited 1 branch of the dungeon, and saw 2 of its levels.

Inventory:

Hand Weapons
 a - a +0 falchion
 f - a +0 vampiric dagger (weapon)
Armour
 b - a +0 animal skin (worn)
Scrolls
 c - a scroll of teleportation {unknown}
 e - 2 scrolls of noise {unknown}
 g - a scroll of amnesia {unknown}
 h - a scroll of enchant armour {unknown}
 j - a scroll of immolation {unknown}
Potions
 d - a potion of attraction {unknown}
 i - a potion of cancellation {unknown}


   Skills:
 + Level 4.5 Fighting
 + Level 1.2(2.8) Short Blades
 + Level 4.5(4.6) Long Blades
 + Level 2.6 Armour
 + Level 2.3 Dodging
 + Level 0.5 Stealth


You had 2 spell levels left.
You didn't know any spells.
Your spell library contained the following spells:

 Spells                   Type           Power      Damage    Failure   Level
 Slow                     Hex            0%         N/A       50%         1
 Confusing Touch          Hex            0%         N/A       86%         3
 Vampiric Draining        Necr           0%         2d6       86%         3


Dungeon Overview and Level Annotations

Branches:
Dungeon (2/15)

Altars:


Innate Abilities, Weirdness & Mutations

You have a pair of horns on your head.
You reflexively headbutt those who attack you in melee.


Message History

Trog accepts your kill.
The giant cockroach bites you but does no damage.
You puncture the giant cockroach!
You feel better.
You kill the giant cockroach!
Trog accepts your kill.
No target in view!
No target in view!
Calm down first, please.
You start resting.
You feel a strong urge to attack something.
You start resting.
You feel your anger nearly subside.
You start resting.
You are no longer berserk.
You are exhausted.
You feel yourself slow down.
You start resting.
A hobgoblin comes into view.
It is wielding a +0 quarterstaff of draining.
A hobgoblin is nearby!
The hobgoblin shouts!
You see here a worm corpse.
Found 10 gold pieces.
The hobgoblin barely misses you. The hobgoblin closely misses you.
You hit the hobgoblin but do no damage.
The hobgoblin hits you with a +0 quarterstaff of draining!
You feel drained.
An endoplasm comes into view.
You are too injured to fight recklessly!
You are too injured to fight recklessly!
You are too injured to fight recklessly!
The endoplasm quivers.
You hit the hobgoblin but do no damage. Your headbutt misses the hobgoblin.
The hobgoblin hits you with a +0 quarterstaff of draining.
You feel drained.
Okay, then.
You hit the hobgoblin but do no damage.
The hobgoblin hits you with a +0 quarterstaff of draining!
* * * LOW HITPOINT WARNING * * *
You feel drained.
You die...

#.# #..#.....)##..####
#.###..#.............#
.......#...........#.#
#.####.# ........†.#.#
#.# .# .....#....#.#
#.# ###......#.# #.#
#..#†..#.### #.#
####........... #.#
.......@#.#.### #..
..###..g#.#.# .
###.... . ....>. #
....... ##....#.#
#J..$. #.####.


You could see an endoplasm and a hobgoblin.

Vanquished Creatures
  An adder (D:2)
  An adder skeleton (D:2)
  2 worms (D:2)
  4 ball pythons
  4 endoplasms
  4 giant cockroaches
  5 goblins
  A hobgoblin (D:1)
  3 jackals (D:1)
  5 kobolds
  A quokka (D:1)
  2 bats
  4 frilled lizards
  4 rats
41 creatures vanquished.

Notes
Turn   | Place    | Note
-------+----------+-------------------------------------------
     0 | D:1      | Nyth the Minotaur Berserker began the quest for the Orb.
     0 | D:1      | Reached XP level 1. HP: 19/19 MP: 0/0
   423 | D:1      | Reached XP level 2. HP: 27/27 MP: 1/1
   759 | D:1      | Reached XP level 3. HP: 33/33 MP: 2/2
   827 | D:1      | Found a faded altar of an unknown god.
  1617 | D:2      | Reached ** piety under Trog
  1689 | D:2      | Reached skill level 1 in Short Blades
  1779 | D:2      | HP: 1/32 [hobgoblin/+0 quarterstaff of draining (9)]
  1779 | D:2      | Slain by a hobgoblin

Illustrated notes

Levels and vault maps discovered:
D:1:      dpeg_arrival_three_bigger_balls, layout_basic, serial_aquarium,
          aquarium_bridge_straight [aquarium_subvault_bridge,
          aquarium_subvault_wall, aquarium_subvault_bridge,
          aquarium_subvault_window], aquarium_bridge_square
          [aquarium_subvault_bridge, aquarium_subvault_wall,
          aquarium_subvault_bridge, aquarium_subvault_balcony],
          aquarium_window_corridor_3, aquarium_window_fake, aquarium_view_2f,
          aquarium_view_2g, shapermc_ecumenical_altar_starsandcircs
D:2:      layout_loops_ring

Skill      XL: |  1  2  3 |
---------------+----------+-----
Fighting       | 4 |  4.5
Long Blades    | 4 |  4.5
Short Blades   | 1 |  1.2
Armour         | |  2.6
Dodging        | |  2.3
Stealth        | |  0.5

Action                   || total
-------------------------++-------
Melee: Falchion          ||    24
       Headbutt          ||    14
       Dagger            ||    66
Invok: Berserk           ||     4
 Stab: Sleeping          ||     1
Armor: Animal skin       ||     7
Dodge: Dodged            ||    63
